 Dungeon Crawl Stone Soup version 0.30.0-11-gf55b779eaf (webtiles) character file.

Game seed: 8122319881695270631

1 Esekla the Grave Robber (level 1, -2/12 HPs)
             Began as an Octopode Necromancer on May 17, 2023.
             Slain by a jackal (3 damage)
             ... on level 1 of the Dungeon.
             The game lasted 00:00:16 (17 turns).

Esekla the Grave Robber (Octopode Necromancer)        Turns: 17, Time: 00:00:17

Health: -2/12      AC:  1    Str:  7    XL:     1   Next: 20%
Magic:  3/3        EV: 13    Int: 17    God:
Gold:   0          SH:  0    Dex: 12    Spells: 3/4 levels left

rFire   . . .        (no weapon)
rCold   . . .        (no shield)
rNeg    . . .        (helmet restricted)
rPois   .            (no amulet)
rElec   .            (no ring)
rCorr   .            (no ring)
SInv    .            (no ring)
Will    .....        (no ring)
Stlth   +++          (no ring)
HPRegen 0.22/turn    (no ring)
MPRegen 0.08/turn    (no ring)
                     (no ring)

%: no passive effects
@: no status effects
A: almost no armour, amphibious, 8 rings, camouflage 1, gelatinous body 1,
(nimble swimmer 1), tentacles
a: no special abilities


You were on level 1 of the Dungeon.
You visited 1 branch of the dungeon, and saw 1 of its levels.

Inventory:

Scrolls
 b - a scroll of vulnerability {unknown}
Potions
 a - a potion of magic


   Skills:
 * Level 0.4 Fighting
 * Level 2.0 Dodging
 + Level 2.6 Stealth
 * Level 2.0 Spellcasting
 + Level 4.0 Necromancy


You had 3 spell levels left.
You knew the following spells:

 Your Spells              Type           Power      Damage    Failure   Level
a - Necrotise             Necr           60%        1d7       3%          1

Your spell library contained the following spells:

 Spells                   Type           Power      Damage    Failure   Level
 Vampiric Draining        Necr           15%        2d7       11%         3
 Animate Dead             Necr           15%        N/A       36%         4
 Agony                    Necr           15%        N/A       71%         5


Dungeon Overview and Level Annotations

Branches:
Dungeon (1/15)

Altars:


Innate Abilities, Weirdness & Mutations

You cannot wear most types of armour.
You are amphibious.
You can wear up to eight rings at the same time.
Your skin changes colour to match your surroundings (Stealth+).
Your rubbery body absorbs attacks. (AC +1, EV +1)
((You are camouflaged when in or above water. (Stealth+)))
You have tentacles for arms and can constrict up to eight enemies at once.


Message History

b - a scroll labelled ESIUSY ONNEYMO You open the door. 3 jackals come into view.
The jackal barks! x2
A jackal comes into view.
The jackal moves out of view.
You tentacle-slap the jackal. You grab the jackal. You squeeze the jackal.
You kill the jackal!
The jackal bites you.
There is an open door here.
You see here a jackal corpse.
You miss the jackal. Your grab misses the jackal. The jackal bites you.
You barely miss the jackal. You grab the jackal.
You constrict the jackal, but do no damage.
The jackal bites you.
The jackal bites you but does no damage.
The jackal bites you. The jackal misses you.
You tentacle-slap the jackal but do no damage.
Your grab misses the jackal. You squeeze the jackal.
The jackal is severely wounded.
You constrict the jackal. The jackal bites you. x2
* * * LOW HITPOINT WARNING * * *
You tentacle-slap the jackal but do no damage.
You squeeze the jackal.
The jackal is severely wounded.
You constrict the jackal. The jackal completely misses you.
The jackal closely misses you. The jackal bites you.
* * * LOW HITPOINT WARNING * * *
The jackal barely misses you.
You tentacle-slap the jackal but do no damage.
Your grab misses the jackal.
The jackal is heavily wounded.
You constrict the jackal. The jackal barely misses you. The jackal misses you.
You tentacle-slap the jackal but do no damage.
Your grab misses the jackal.
The jackal is heavily wounded.
You constrict the jackal.
You kill the jackal!
The jackal bites you.
You die...

#..<..#
#.....#
#.###.#
#.#†#.#
#.###.#
#.....#
#.....#
#.....#
###@###
#h.#
##h# .#
.# .#
.# .#


You could see 2 jackals.

Vanquished Creatures
  2 jackals (D:1)
2 creatures vanquished.

Notes
Turn   | Place    | Note
-------+----------+-------------------------------------------
     0 | D:1      | Esekla the Octopode Necromancer began the quest for the
                  | Orb.
     0 | D:1      | Reached XP level 1. HP: 11/11 MP: 3/3
    17 | D:1      | Slain by a jackal

Illustrated notes

Levels and vault maps discovered:
D:1:      nicolae_arrival_memento_mori, layout_loops_ring, serial_shops, shop,
          nicolae_shop_statue_plus, shop, minmay_misc_feat_rugged

Action                     || total
---------------------------++-------
  Melee: Unarmed           ||     7
         Tentacles         ||     3
         Constrict         ||     2
 Armour: Skin              ||     1
  Dodge: Dodged            ||     6
